 Dungeon Crawl Stone Soup version 0.28-a0-563-gf77a47075d (webtiles) character file.

Game seed: 17353314722766991331

53571 robertstho the Eclecticist (level 15, 0/104 HPs)
             Began as a Djinni Fire Elementalist on Sept 29, 2021.
             Was an Initiate of Gozag.
             Slain by an entropy weaver simulacrum (6 damage)
             ... in an ice cave.
             The game lasted 00:46:21 (18243 turns).

robertstho the Eclecticist (DjFE)                  Turns: 18243, Time: 00:46:21

Health: 0/104      AC:  8    Str:  7    XL:     15   Next: 10%
Gold:   3266       EV: 14    Int: 23    God:    Gozag SH:  0 Dex: 14

rFire   + + +      SeeInvis +   B - +2 quarterstaff (spect)
rCold   x . .      Faith    .   (shield currently unavailable)
rNeg    + . .      Spirit   .   t - +0 leather armour of the Butterfly {+Inv Regen+ Slay+5}
rPois   ∞          Reflect  .   P - +0 helmet {SInv}
rElec   .          Harm     .   Q - scarf {repulsion}
rCorr   +          Rampage  .   C - +2 pair of gloves
Will    +....                   (boots unavailable)
Stlth   ++........              (no amulet)
HPRegen 1.27/turn               z - ring "Syuzy" {rF+ rN+}
MPRegen 0.00/turn               I - ring of resist corrosion

@: flying, repel missiles
A: sickness immunity, fire resistance 2, cold vulnerability 1, float, innate
caster, hp casting, extra vitality 1
a: Renounce Religion, Evoke Invisibility, Potion Petition, Call Merchant, Bribe
Branch


You were in an ice cave.
You worshipped Gozag.
Gozag was most pleased with you.
You visited 3 branches of the dungeon, and saw 18 of its levels.
You also visited: Sewer and Ice Cave.

You collected 4856 gold pieces.
You spent 798 gold pieces at shops.
You paid 792 gold pieces to Gozag.

Inventory:

Hand Weapons
 p - a +3 dagger
 y - a +0 rapier of speed
 B - a +2 spectral quarterstaff (weapon)
Armour
 c - the +2 leather armour of Going Fast {Regen+ Int+7 Dex-4}
   (You found it on level 7 of the Dungeon)

   Int:       It affects your intelligence (+7).
   Dex:       It affects your dexterity (-4).
   Regen:     It increases your rate of health regeneration.
 k - a +0 troll leather armour {Purgy}
 t - the +0 leather armour of the Butterfly (worn) {+Inv Regen+ Slay+5}
   (You found it on level 5 of the Lair of Beasts)

   Slay:      It affects your accuracy & damage with ranged weapons and melee
   (+5).
   +Inv:      It lets you turn invisible.
   Regen:     It increases your rate of health regeneration.
 v - a +2 cloak
 C - a +2 pair of gloves (worn)
 O - the +5 kite shield "Pebaghuy" {Dex+5 Stlth-}
   (You found it on level 11 of the Dungeon)

   Dex:       It affects your dexterity (+5).
   Stlth:     It makes you less stealthy.
 P - a +0 helmet of see invisible (worn)
 Q - a scarf of repulsion (worn)
Jewellery
 u - a ring of willpower
 z - the ring "Syuzy" (left hand) {rF+ rN+}
   (You found it on level 4 of the Dungeon)

   [ring of protection from fire]

   rF:        It protects you from fire.
   rN:        It protects you from negative energy.
 I - a ring of resist corrosion (right hand)
 R - a +6 ring of dexterity
 S - a +4 ring of evasion
 T - a ring of fire
 U - a ring of protection from cold
 W - a +4 ring of slaying
Wands
 w - a wand of acid (3)
 E - a wand of digging (6)
 F - a wand of iceblast (33)
 J - a wand of mindburst (3)
 L - a wand of charming (6)
 X - a wand of paralysis (3)
Scrolls
 a - a scroll of holy word
 d - a scroll of identify
 f - 3 scrolls of immolation
 j - 3 scrolls of fog
 l - 7 scrolls of enchant weapon {unknown}
 m - a scroll of summoning {unknown}
 r - 3 scrolls of teleportation
 s - 5 scrolls of enchant armour {unknown}
 D - 2 scrolls of brand weapon
 G - 2 scrolls of magic mapping
 Y - a scroll of vulnerability {unknown}
Potions
 e - 3 potions of degeneration
 g - 10 potions of curing
 h - 2 potions of heal wounds
 i - 2 potions of brilliance
 n - 2 potions of invisibility
 o - 3 potions of haste
 q - 3 potions of cancellation {unknown}
 x - 3 potions of lignification
 A - 2 potions of berserk rage
 H - 4 potions of attraction {unknown}
 K - a potion of ambrosia {unknown}
 M - 2 potions of magic {unknown}
 N - a potion of might {unknown}
 V - 3 potions of mutation
Miscellaneous
 b - a phantom mirror


   Skills:
 * Level 8.7 Fighting
 + Level 0.1 Short Blades
 + Level 3.2 Staves
 + Level 4.6 Armour
 + Level 6.9 Dodging
 + Level 4.3 Stealth
 * Level 16.9 Spellcasting


You had 9 spell levels left.
You knew the following spells:

 Your Spells              Type           Power      Damage    Failure   Level
a - Foxfire               Conj/Fire      100%       2x1d9     0%          1
b - Scorch                Fire           100%       2d10      0%          2
c - Conjure Flame         Conj/Fire      78%        6-21      0%          3
d - Inner Flame           Hex/Fire       78%        N/A       0%          3
e - Flame Wave            Conj/Fire      78%        3d13      1%          4
f - Pain                  Necr           100%       1d9       0%          1
g - Passwall              Tmut/Erth      65%        N/A       0%          2
h - Gell's Gravitas       Tloc           39%        N/A       0%          3
i - Tukima's Dance        Hex            78%        N/A       0%          3
j - Agony                 Necr           78%        N/A       1%          5
k - Summon Forest         Summ/Tloc      39%        N/A       1%          5
l - Iron Shot             Conj/Erth      39%        9d8       1%          6
Your spell library was empty.

Dungeon Overview and Level Annotations

Branches:
Dungeon (11/15)            Temple (1/1) D:4            Lair (6/6) D:10
  Swamp (0/4) Lair:4        Snake (0/4) Lair:4        Slime (0/5) Lair:5
    Orc (0/2) D:10          Sewer (visited)           IceCv (1/1)

Altars:
Cheibriados
Dithmenos
Elyvilon
Fedhas
Gozag
Hepliaklqana
Makhleb
Okawaru
Uskayaw
Vehumet
Xom
Yredelemnul
Beogh
Jiyva

Shops:
D:5 *   D:7 !(   D:8 =   D:11 [

Portals:
Abyss: Lair:3

Annotations:
D:5 3 runed translucent doors, Dittersdorf's ghost, novice GrFi
Lair:3 2 transporters, Buacuz's ghost, journeyman NaWn


Innate Abilities, Weirdness & Mutations

You are immune to sickness and miasma.
You are immune to poison.
Your flesh is very heat resistant. (rF++)
You are vulnerable to cold. (rC-)
You float through the air rather than walking.
You learn spells naturally, not from books.
Your magical power is your life essence.
You have superior vitality. (+4 HP)


Message History

Casting: Scorch (safe; 0% risk of failure)
Confirm with . or Enter, or press ? or * to list all spells.
Flames lash the ice devil.
The ice devil is burned terribly!
The ice devil is almost dead.
The ice devil is hit by a branch!
The ice devil dies!
Unknown command.
The forest calms down.
Space becomes stable.
Your dryad disappears in a puff of smoke!
You start resting.
HP restored.
You now have 3228 gold pieces (gained 6).
Found a crystal plate armour of cold resistance.
You now have 3236 gold pieces (gained 8).
You now have 3248 gold pieces (gained 12).
s - 5 scrolls labelled OHOV KANWAI (gained 1)
You now have 3266 gold pieces (gained 18).
Y - a scroll labelled ENACHO SIZ BEOJ You reach down and open the door.
There is an open door here.
You reach down and open the door.
An entropy weaver simulacrum comes into view.
Casting: Scorch (safe; 0% risk of failure)
Confirm with . or Enter, or press ? or * to list all spells.
Flames lash the entropy weaver simulacrum.
The entropy weaver simulacrum melts!
The entropy weaver simulacrum is moderately damaged.
The entropy weaver simulacrum's fire resistance burns away.
The entropy weaver simulacrum hits you.
The entropy weaver simulacrum freezes you!!!
You feel a terrible chill!
The entropy weaver simulacrum closely misses you.
The entropy weaver simulacrum hits you.
The entropy weaver simulacrum freezes you!!!
You feel a terrible chill!
* * * LOW HITPOINT WARNING * * *
The entropy weaver simulacrum hits you.
You die...
Your body crumbles into a pile of gold.

####### ##.....###
.........# ........####
# ........#.⌠#
###+#+#.#+# ........#4[+
#.Z........
........########@8.8.8.8
..........#.............
$
....⌠.....'.............
..........#.............
........########.8.8.8.8
........#4$+ +........
........#.⌠# #+#+#.#+#
........#### .#
.........# #


You could see an entropy weaver simulacrum (combustible).

Vanquished Creatures
  A dire elephant (Lair:4)
  10 hydras
  2 boulder beetles
  A catoblepas (Lair:5)
  A centaur warrior (D:10)
  A two-headed ogre (D:10)
  Pikel (D:4)
  An oklob plant (Lair:3)
  3 cyclopes
  2 elephants (Lair:4)
  12 cane toads
  2 black mambas (Lair:5)
  A torpor snail (Lair:4)
  Maggie (Lair:1)
  A rime drake (Lair:5)
  2 kobold demonologists
  8 komodo dragons
  2 ice devils (IceCv)
  2 trolls
  7 dream sheep (Lair:6)
  20 blink frogs
  A wraith (D:11)
  42 yaks
  A shadow (D:10)
  A vampire (D:9)
  4 wyverns
  3 basilisks
  Eustachio (D:4)
  A steam dragon (D:7)
  A vampire mosquito (D:7)
  A naga (Lair:4)
  An acid dragon (D:7)
  10 water moccasins
  A sky beast (D:7)
  3 orc warriors
  Purgy (D:4)
  A black bear (D:7)
  An ice beast (D:7)
  5 ogres
  A necrophage (D:7)
  6 wolves
  4 centaurs
  3 phantoms
  2 lemures (D:4)
  4 kobold brigands
  12 bullfrogs
  4 scorpions
  A two-headed ogre simulacrum (IceCv)
  2 water moccasin skeletons
  An elephant simulacrum (IceCv)
  9 killer bees
  3 electric eels
  12 wights
  3 howler monkeys
  3 centaur zombies
  2 bullfrog zombies
  A hound (D:7)
  6 orc priests
  Crazy Yiuf (D:3)
  5 iguanas
  6 orc wizards
  5 hell rats (Lair:3)
  8 ogre zombies (D:10)
  A howler monkey zombie (D:9)
  9 gnolls
  2 adders
  2 shadow imps (D:6)
  4 white imps
  An ufetubus (D:6)
  An adder skeleton (D:4)
  2 worms
  33 orcs
  8 ball pythons
  5 endoplasms
  7 giant cockroaches
  7 goblins
  10 hobgoblins
  13 jackals
  31 kobolds
  3 quokkas (D:3)
  5 bats
  7 frilled lizards
  2 goblin skeletons (D:10)
  2 goblin zombies (D:10)
  A hobgoblin skeleton (D:10)
  3 hobgoblin zombies (D:10)
  An orc skeleton (D:10)
  16 orc zombies (D:10)
  6 rats
446 creatures vanquished.

Vanquished Creatures (collateral kills)
  A hydra (Lair:4)
  A boulder beetle (Lair:5)
  A bog body (Lair:4)
  12 elephants
  2 ice statues (IceCv)
  2 black mambas
  A torpor snail (Lair:4)
  3 cane toads (Lair:4)
  A rime drake (Lair:4)
  A komodo dragon (Lair:5)
  An ice devil (IceCv)
  6 blink frogs
  A dream sheep (Lair:4)
  12 yaks (Lair:4)
  A basilisk (Lair:4)
  3 nagas (Lair:4)
  A water moccasin (Lair:4)
  3 wolves (Lair:5)
  4 bullfrogs
  A cane toad simulacrum (IceCv)
  9 foxfires
67 creatures vanquished.

Vanquished Creatures (others)
  2 dancing weapons
  795 foxfires
  34 fungi
  69 plants
  11 snaplasher vines
911 creatures vanquished.

Grand Total: 1424 creatures vanquished

Notes
Turn   | Place    | Note
-------+----------+-------------------------------------------
     0 | D:1      | robertstho the Djinni Fire Elementalist began the quest for
                  | the Orb.
     0 | D:1      | Reached XP level 1. HP: 15/15 MP: 0/0
   503 | D:1      | Reached XP level 2. HP: 19/21 MP: 0/0
  1118 | D:2      | Reached skill level 3 in Spellcasting
  1284 | D:2      | Reached XP level 3. HP: 23/25 MP: 0/0
  1284 | D:2      | Learned a level 1 spell: Pain
  1892 | D:2      | Reached skill level 1 in Fighting
  1892 | D:2      | Reached XP level 4. HP: 29/32 MP: 0/0
  2226 | D:2      | Found a faded altar of an unknown god.
  2699 | D:3      | Found a glowing drain.
  2712 | D:3      | Reached XP level 5. HP: 26/37 MP: 0/0
  2712 | D:3      | Learned a level 2 spell: Passwall
  2716 | Sewer    | Entered a sewer
  3970 | D:3      | Reached skill level 4 in Spellcasting
  4548 | D:3      | Found a runed translucent door.
  4549 | D:3      | Noticed Crazy Yiuf
  4788 | D:3      | Killed Crazy Yiuf
  5221 | D:4      | Noticed an ogre
  5226 | D:4      | Killed an ogre
  5227 | D:4      | Reached XP level 6. HP: 16/42 MP: 0/0
  5497 | D:4      | Noticed Eustachio
  5505 | D:4      | Killed Eustachio
  5506 | D:4      | Reached skill level 5 in Spellcasting
  5506 | D:4      | Reached XP level 7. HP: 33/49 MP: 0/0
  5506 | D:4      | Learned a level 3 spell: Gell's Gravitas
  5638 | D:4      | Identified the ring "Syuzy" {rF+ rN+}
  5702 | D:4      | HP: 2/49 [lemure[Pikel] (4)]
  5711 | D:4      | Reached skill level 6 in Spellcasting
  5719 | D:4      | Reached XP level 8. HP: 5/55 MP: 0/0
  6056 | D:4      | Noticed Pikel
  6063 | D:4      | Killed Pikel
  6064 | D:4      | Reached skill level 7 in Spellcasting
  6259 | D:4      | Noticed Purgy
  6267 | D:4      | Killed Purgy
  6494 | D:4      | Found a staircase to the Ecumenical Temple.
  6499 | Temple   | Entered the Ecumenical Temple
  6524 | Temple   | Became a worshipper of Gozag Ym Sagoz the Greedy
  6642 | D:5      | Entered Level 5 of the Dungeon
  6666 | D:5      | Found a basalt altar of Yredelemnul.
  6758 | D:5      | Found a snail-covered altar of Cheibriados.
  6797 | D:5      | Found Ynticy's Assorted Antiques.
  6806 | D:5      | Bought a scroll of identify for 44 gold pieces
  6806 | D:5      | Bought a bubbling amethyst potion for 19 gold pieces
  6806 | D:5      | Bought a potion of curing for 66 gold pieces
  6819 | D:5      | Reached XP level 9. HP: 56/61 MP: 0/0
  6819 | D:5      | Learned a level 3 spell: Tukima's Dance
  7225 | D:5      | Found a runed translucent gate.
  7226 | D:5      | Found a runed translucent gate.
  7227 | D:5      | Found a runed translucent gate.
  7229 | D:5      | Noticed Dittersdorf's ghost (novice GrFi)
  7229 | D:5      | Identified the +10 short sword of Hard Scrabble {vorpal,
                  | rF++ rC+++ Str+4 Dex-2}
  7229 | D:5      | Identified the +2 scale mail of Honour {-Tele Str+5 SInv}
  7358 | D:5      | Reached skill level 8 in Spellcasting
  7473 | D:5      | Found a shadowy altar of Dithmenos.
  7698 | D:6      | Reached skill level 1 in Armour
  7824 | D:6      | Found a burning altar of Makhleb.
  8073 | D:6      | Reached skill level 9 in Spellcasting
  8186 | D:6      | Reached XP level 10. HP: 65/67 MP: 0/0
  8250 | D:6      | Found a hazy altar of Hepliaklqana.
  8826 | D:7      | Noticed a kobold demonologist
  8829 | D:7      | Noticed an ice devil
  8831 | D:7      | Noticed an orange demon
  8832 | D:7      | Killed a kobold demonologist
  8832 | D:7      | Noticed a death knight
  8833 | D:7      | Reached skill level 10 in Spellcasting
  8843 | D:7      | Noticed a cyclops
  8973 | D:7      | Noticed a cyclops
  8989 | D:7      | Killed a cyclops
  8997 | D:7      | Killed a cyclops
  9123 | D:7      | Identified the +2 leather armour of Going Fast {Regen+
                  | Int+7 Dex-4}
  9178 | D:7      | Reached skill level 5 in Dodging
  9189 | D:7      | Found Wacviviblo's Distillery.
  9193 | D:7      | Found Kipso's Weapon Shop.
  9226 | D:7      | Bought a potion of degeneration for 14 gold pieces
  9226 | D:7      | Bought a potion of heal wounds for 70 gold pieces
  9226 | D:7      | Bought a potion of heal wounds for 70 gold pieces
  9226 | D:7      | Bought a potion of haste for 140 gold pieces
  9226 | D:7      | Bought a potion of berserk rage for 70 gold pieces
  9513 | D:8      | Found Nueps's Jewellery Emporium.
  9559 | D:8      | Reached XP level 11. HP: 74/74 MP: 0/0
  9559 | D:8      | Learned a level 5 spell: Agony
  9609 | D:8      | Reached skill level 11 in Spellcasting
 10034 | D:9      | Reached skill level 5 in Fighting
 10400 | D:9      | Reached skill level 12 in Spellcasting
 10745 | D:10     | Entered Level 10 of the Dungeon
 10776 | D:10     | Noticed a centaur warrior
 10787 | D:10     | Killed a centaur warrior
 10837 | D:10     | Found a staircase to the Orcish Mines.
 10854 | D:10     | Reached skill level 1 in Staves
 10934 | D:10     | Noticed a two-headed ogre
 10938 | D:10     | Killed a two-headed ogre
 10939 | D:10     | Reached XP level 12. HP: 26/82 MP: 0/0
 11076 | D:10     | Noticed a boulder beetle
 11090 | D:10     | Killed a boulder beetle
 11238 | D:10     | Found a staircase to the Lair.
 11351 | D:10     | Found a blossoming altar of Fedhas.
 11825 | D:11     | Noticed a boulder beetle
 11838 | D:11     | Killed a boulder beetle
 12181 | D:11     | Identified the +5 kite shield "Pebaghuy" {Dex+5 Stlth-}
 12191 | D:11     | Bought a +0 helmet of see invisible for 149 gold pieces
 12191 | D:11     | Bought a scarf of repulsion for 156 gold pieces
 12271 | Lair:1   | Entered Level 1 of the Lair of Beasts
 12271 | Lair:1   | Noticed Maggie
 12281 | Lair:1   | Killed Maggie
 12282 | Lair:1   | Reached skill level 13 in Spellcasting
 12385 | Lair:1   | Noticed a seven-headed hydra
 12395 | Lair:1   | Killed a seven-headed hydra
 12619 | Lair:1   | Noticed an eight-headed hydra
 12632 | Lair:1   | Killed an eight-headed hydra
 12770 | Lair:1   | You are sucked into a shaft and drop 1 floor!
 12779 | Lair:2   | Noticed a four-headed hydra
 12788 | Lair:2   | Killed a four-headed hydra
 12789 | Lair:2   | Reached XP level 13. HP: 88/88 MP: 0/0
 12789 | Lair:2   | Learned a level 5 spell: Summon Forest
 12822 | Lair:2   | Reached skill level 14 in Spellcasting
 13554 | Lair:3   | Noticed an eight-headed hydra
 13558 | Lair:3   | Killed an eight-headed hydra
 13659 | Lair:3   | Noticed a five-headed hydra
 13920 | Lair:3   | Noticed an eight-headed hydra
 13928 | Lair:3   | Killed an eight-headed hydra
 14010 | Lair:3   | Found a transporter.
 14012 | Lair:3   | Noticed Buacuz's ghost (journeyman NaWn)
 14082 | Lair:3   | Killed a five-headed hydra
 14291 | Lair:3   | Found a one-way gate to the infinite horrors of the Abyss.
 14411 | Lair:3   | Found a transporter.
 14715 | Lair:4   | Noticed an eight-headed hydra
 14720 | Lair:4   | Killed an eight-headed hydra
 14720 | Lair:4   | Noticed a seven-headed hydra
 15117 | Lair:3   | Reached skill level 15 in Spellcasting
 15212 | Lair:4   | Killed a seven-headed hydra
 15277 | Lair:4   | Found a staircase to the Snake Pit.
 15282 | Lair:4   | Reached XP level 14. HP: 60/97 MP: 0/0
 15323 | Lair:4   | Found a staircase to the Swamp.
 16188 | Lair:4   | Reached skill level 16 in Spellcasting
 16220 | Lair:4   | Noticed a dire elephant
 16553 | Lair:4   | Killed a dire elephant
 16720 | Lair:5   | Found a viscous altar of Jiyva.
 16720 | Lair:5   | Found a staircase to the Slime Pits.
 16939 | Lair:5   | Identified the +0 leather armour of the Butterfly {+Inv
                  | Regen+ Slay+5}
 17805 | Lair:6   | Entered Level 6 of the Lair of Beasts
 17902 | Lair:6   | Reached XP level 15. HP: 104/104 MP: 0/0
 17902 | Lair:6   | Learned a level 6 spell: Iron Shot
 18052 | Lair:6   | Found a frozen archway.
 18076 | IceCv    | Entered an ice cave
 18243 | IceCv    | Slain by an entropy weaver simulacrum

Illustrated notes

Levels and vault maps discovered:
D:1:      onia_arrival_handbag, layout_rooms, grunt_decor_fettered
D:2:      layout_basic, shapermc_ecumenical_altar_totnotflames
D:3:      layout_basic, gup_sewer_entry_pipe,
          wander_ebering_terrifying_dragon_lair, uniq_crazy_yiuf_cottage
D:4:      layout_basic, minmay_temple_entry_crystal_x, uniq_pikel,
          uniq_eustachio, uniq_purgy
D:5:      layout_basic, chequers_temple_overflow_statue_of_worship,
          grunt_dithmenos_shadows, serial_shops, shop,
          biasface_ghost_orc_armoury, sigmund_army
D:6:      layout_gridville, lemuel_tele_altar, lightli_temple_of_fire
D:7:      minmay_the_grid_four_pointed_star
          [minmay_the_grid_triangle_9x9_longest,
          minmay_the_grid_triangle_9x9_steps,
          minmay_the_grid_triangle_9x9_intruding_spiral,
          minmay_the_grid_triangle_9x9_zippers_vertical,
          minmay_the_grid_prize_four_corners_diamond_b], layout_cave_pools,
          nicolae_wooded_promenade, minivault_19, kennysheep_generic_room_16
D:8:      layout_rooms, serial_shops, nicolae_stop_n_shop_1
D:9:      layout_roguey
D:10:     layout_roguey, fedhas_altar_4, david_lair_shrubbed, zombieorc2_lemuel
D:11:     layout_stronghold, serial_bayou_lagoon_a
Temple:   kb_temple_of_zot
Lair:1:   layout_hall_layers, grunt_megastairs_1, uniq_maggie
Lair:2:   layout_roguey
Lair:3:   layout_cellular_growth, gammafunk_ghost_abyssal_escape,
          minmay_lair_oklob_bushes, lemuel_fruit_tree
Lair:4:   layout_long_grid, skrybe_swamp_entry_bodies,
          minmay_snake_entry_guardpost_small, nzn_random_ring
Lair:5:   layout_small_grid, slime_altar_1, serial_bayou_shore_b,
          serial_bayou_shore_a, grunt_megastairs_4
Lair:6:   hellmonk_lair_end_abyssal_woods, layout_cave_pods,
          gammafunk_ghost_necromancy, portal_ice_cave_entry_pillars_2,
          nicolae_lair_grove_arrangements, uniq_snorg
IceCv:    ice_cave_tombish

Skill      XL: |  1  2  3  4  5  6  7  8  9 10 11 12 13 14 |
---------------+-------------------------------------------+-----
Spellcasting   | 3 4 5 6 7 9 10 12 13 15 16 | 16.9
Fighting       | 1 2 3 4 5 6 7 8 |  8.7
Stealth        | 2 3 4 |  4.3
Dodging        | 3 5 6 |  6.9
Armour         | 2 3 4 |  4.6
Staves         | 1 3 |  3.2
Short Blades   | |  0.1

Action                   |  1- 3 |  4- 6 |  7- 9 | 10-12 | 13-15 || total
-------------------------+-------+-------+-------+-------+-------++-------
Melee: Dagger            |       |    25 |       |       |       ||    25
       Rapier            |       |       |     9 |     5 |       ||    14
       Quarterstaff      |       |       |       |    23 |    27 ||    50
 Cast: Foxfire           |    74 |    51 |    27 |   210 |    90 ||   452
       Scorch            |     7 |    67 |    65 |    50 |   105 ||   294
       Pain              |       |     1 |     8 |     4 |       ||    13
       Flame Wave        |       |       |    11 |    55 |    37 ||   103
       Tukima's Dance    |       |       |       |     4 |       ||     4
       Agony             |       |       |       |    10 |     8 ||    18
       Summon Forest     |       |       |       |       |    31 ||    31
Invok: Call Merchant     |       |       |       |     1 |       ||     1
  Use: Potion            |       |       |     6 |     2 |     2 ||    10
       Scroll            |       |       |     8 |     5 |     9 ||    22
 Stab: Sleeping          |       |       |       |     2 |       ||     2
       Distracted        |       |       |       |       |     1 ||     1
Armor: Robe              |     2 |     7 |    14 |       |       ||    23
       Troll leather arm |       |       |    15 |    61 |    51 ||   127
       Leather armour    |       |       |       |       |     4 ||     4
       Skin              |       |       |       |       |     1 ||     1
Dodge: Dodged            |    17 |    13 |    47 |   114 |   131 ||   322
       Repelled          |       |       |       |       |     3 ||     3

Table legend: (Time is in decaauts)
 A = Elapsed time spent in this place.
 B = Non-inter-level travel time spent in this place.
 C = Inter-level travel time spent in this place.
 D = Time resting spent in this place.
 E = Time spent auto-exploring this place.
 F = Levels seen in this place.
 G = Mean time per level.
                   A        B        C        D        E       F      G
               +--------+--------+--------+--------+--------+-----+--------+
         Total |  18270 |  17367 |    903 |   1285 |  12803 |  20 |  913.5 |
       Dungeon |  11115 |  10545 |    570 |   1007 |   7849 |  11 | 1010.5 |
        Temple |     45 |     25 |     20 |      0 |     17 |   1 |   45.0 |
          Lair |   5828 |   5517 |    311 |    258 |   3950 |   6 |  971.3 |
         Sewer |   1114 |   1114 |      0 |      0 |    888 |   1 | 1114.0 |
      Ice Cave |    166 |    166 |      0 |     20 |     99 |   1 |  166.0 |
               +--------+--------+--------+--------+--------+-----+--------+

Top non-repeatable levels by time:
     D:3: 1849 daAuts
  Lair:4: 1607 daAuts
     D:2: 1363 daAuts
     D:4: 1169 daAuts
  Lair:3: 1165 daAuts
   Sewer: 1114 daAuts
     D:1: 1099 daAuts
  Lair:5: 1086 daAuts
     D:5: 1042 daAuts
     D:6: 991 daAuts
  Lair:2: 966 daAuts
     D:7: 835 daAuts
    D:11: 783 daAuts
     D:9: 762 daAuts
    D:10: 745 daAuts
